TOP OF THE 1ST |
Maize HS batting - Pitching for Madawaska Valley HS Wolves : RHP Aaron Moss
|
Pitching: RHP Aaron Moss
|
|
Batting: RHB Lawrence Howard
|
0-0: Foul Ball, location: 2F 0-1: Called Strike 0-2: Foul Ball, location: 2F 0-2: Foul Ball, location: 2F 0-2: Foul Ball, location: 2F 0-2: Ball 1-2: Ball 2-2: SINGLE (Groundball, 5D)
|
Batting: RHB Álex Hernández
|
0-0: Called Strike 0-1: Ball 1-1: Swinging Strike 1-2: Ball 2-2: DOUBLE (Line Drive, 89M) Lawrence Howard to third
|
Batting: RHB Norris Howard
|
0-0: Called Strike 0-1: Fly out, F5 (Line Drive, 5S)
|
Batting: RHB Ryan Jackson
|
0-0: Foul Ball, location: 2F 0-1: Ball 1-1: SINGLE (Line Drive, 7LS) Lawrence Howard scores Álex Hernández to third
|
Batting: RHB José Murillo
|
0-0: Foul Ball, location: 2F 0-1: Grounds into double play, 6-4-3 (Groundball, 6)
|
Top of the 1st over - 1 run(s), 3 hit(s), 0 error(s), 1 left on base; Maize HS 1 - Madawaska Valley HS 0 |
BOTTOM OF THE 1ST |
Madawaska Valley HS Wolves batting - Pitching for Maize HS : RHP Tim Hooper
|
Pitching: RHP Tim Hooper
|
|
Batting: LHB Nick Moss
|
0-0: TRIPLE (Flyball, 8LM)
|
Batting: RHB Jim Turner
|
0-0: Swinging Strike 0-1: Ball 1-1: Ball 2-1: Ball 3-1: Base on Balls
|
Batting: RHB Tom Rowe
|
0-0: Ball 1-0: Called Strike 1-1: Fly out, F3 (Popup, 3SF)
|
Batting: LHB John Clark
|
0-0: Grounds into double play, U4-3 (Groundball, 4)
|
Bottom of the 1st over - 0 run(s), 1 hit(s), 0 error(s), 1 left on base; Maize HS 1 - Madawaska Valley HS 0 |
TOP OF THE 2ND |
Maize HS batting - Pitching for Madawaska Valley HS Wolves : RHP Aaron Moss
|
Batting: LHB Glenn Scoville
|
0-0: Called Strike 0-1: Foul Ball, location: 2F 0-2: Strikes out looking
|
Batting: RHB Miguel Hernández
|
0-0: Fly out, F8 (Flyball, 8RXD)
|
Batting: RHB Juan Romero
|
0-0: Ball 1-0: Foul Ball, location: 2F 1-1: Fly out, F4 (Popup, 4MD)
|
Top of the 2nd over - 0 run(s), 0 hit(s), 0 error(s), 0 left on base; Maize HS 1 - Madawaska Valley HS 0 |
BOTTOM OF THE 2ND |
Madawaska Valley HS Wolves batting - Pitching for Maize HS : RHP Tim Hooper
|
Batting: RHB Hubert MacDonald
|
0-0: Called Strike 0-1: Ball 1-1: Called Strike 1-2: Foul Ball, location: 2F 1-2: Strikes out looking
|
Batting: RHB Aaron Duncan
|
0-0: Ground out 6-3 (Groundball, 6M)
|
Batting: LHB Ronald Wallace
|
0-0: Ball 1-0: Called Strike 1-1: Ground out 6-3 (Groundball, 6)
|
Bottom of the 2nd over - 0 run(s), 0 hit(s), 0 error(s), 0 left on base; Maize HS 1 - Madawaska Valley HS 0 |
TOP OF THE 3RD |
Maize HS batting - Pitching for Madawaska Valley HS Wolves : RHP Aaron Moss
|
Batting: RHB Raúl González
|
0-0: Ball 1-0: Ball 2-0: Ball 3-0: Called Strike 3-1: Swinging Strike 3-2: Base on Balls
|
Batting: RHB Lawrence Howard
|
0-0: Ball 1-0: Foul Ball, location: 2F 1-1: Called Strike 1-2: Foul Ball, location: 2F 1-2: Strikes out swinging
|
Batting: RHB Álex Hernández
|
0-0: Swinging Strike 0-1: Ball 1-1: Ball 2-1: Ball 3-1: Called Strike 3-2: Base on Balls Raúl González to second
|
Batting: RHB Norris Howard
|
0-0: Ball 1-0: Called Strike 1-1: Foul Ball, location: 2F 1-2: Ball 2-2: SINGLE (Groundball, 6MD) (infield hit) Raúl González to third Álex Hernández to second
|
Batting: RHB Ryan Jackson
|
0-0: Grounds into double play, 6-4-3 (Groundball, 56)
|
Top of the 3rd over - 0 run(s), 1 hit(s), 0 error(s), 2 left on base; Maize HS 1 - Madawaska Valley HS 0 |
BOTTOM OF THE 3RD |
Madawaska Valley HS Wolves batting - Pitching for Maize HS : RHP Tim Hooper
|
Batting: LHB Sam Clay
|
0-0: Ball 1-0: Ball 2-0: Called Strike 2-1: Foul Ball, location: 2F 2-2: Ball 3-2: Base on Balls
|
Batting: RHB Jeff Shephard
|
0-0: Swinging Strike 0-1: Swinging Strike 0-2: Ball 1-2: Ball 2-2: Ball 3-2: Base on Balls Sam Clay to second
|
Batting: LHB Nick Moss
|
0-0: Ball 1-0: SINGLE (Groundball, 56D) Sam Clay to third Jeff Shephard to second
|
Batting: RHB Jim Turner
|
0-0: GRAND SLAM HOME RUN (Flyball, 8RXD), Distance : 444 ft
|
Batting: RHB Tom Rowe
|
0-0: Ball 1-0: Ball 2-0: SINGLE (Groundball, 34D)
|
Batting: LHB John Clark
|
0-0: Grounds into double play, 1-6-3 (Groundball, 13)
|
Batting: RHB Hubert MacDonald
|
0-0: Foul Ball, location: 2F 0-1: Ball 1-1: Ball 2-1: Ball 3-1: Foul Ball, location: 2F 3-2: Base on Balls
|
Batting: RHB Aaron Duncan
|
0-0: Fly out, F3 (Popup, 23F)
|
Bottom of the 3rd over - 4 run(s), 3 hit(s), 0 error(s), 1 left on base; Maize HS 1 - Madawaska Valley HS 4 |
TOP OF THE 4TH |
Maize HS batting - Pitching for Madawaska Valley HS Wolves : RHP Aaron Moss
|
Batting: RHB José Murillo
|
0-0: Ball 1-0: Foul Ball, location: 2F 1-1: Hit by Pitch
|
Batting: LHB Glenn Scoville
|
0-0: Ball 1-0: Ball 2-0: Foul Ball, location: 2F 2-1: Foul Ball, location: 2F 2-2: Foul Ball, location: 2F 2-2: Ball 3-2: SINGLE (Line Drive, 8LS) José Murillo to second José Murillo to third
|
Batting: RHB Miguel Hernández
|
0-0: Called Strike 0-1: Ball 1-1: Fly out, F4 (Line Drive, 4)
|
Batting: RHB Juan Romero
|
0-0: SINGLE (Line Drive, 9LS) José Murillo scores Glenn Scoville to second
|
Batting: RHB Raúl González
|
0-0: Ground out 3-1 (Groundball, 34) Glenn Scoville to third Juan Romero to second
|
Batting: RHB Lawrence Howard
|
0-0: Ball 1-0: Ball 2-0: Ball 3-0: Base on Balls
|
Batting: RHB Álex Hernández
|
0-0: Ball 1-0: Swinging Strike 1-1: Foul Ball, location: 2F 1-2: Strikes out looking
|
Top of the 4th over - 1 run(s), 2 hit(s), 0 error(s), 3 left on base; Maize HS 2 - Madawaska Valley HS 4 |
BOTTOM OF THE 4TH |
Madawaska Valley HS Wolves batting - Pitching for Maize HS : RHP Tim Hooper
|
Batting: LHB Ronald Wallace
|
0-0: Ball 1-0: Swinging Strike 1-1: Called Strike 1-2: Ball 2-2: Ball 3-2: Foul Ball, location: 2F 3-2: Base on Balls
|
Batting: LHB Sam Clay
|
0-0: Called Strike 0-1: Foul Ball, location: 2F 0-2: Foul Ball, location: 2F 0-2: Ball 1-2: Strikes out swinging
|
Batting: RHB Jeff Shephard
|
0-0: Grounds into double play, 1-4-3 (Groundball, 13)
|
Bottom of the 4th over - 0 run(s), 0 hit(s), 0 error(s), 0 left on base; Maize HS 2 - Madawaska Valley HS 4 |
TOP OF THE 5TH |
Maize HS batting - Pitching for Madawaska Valley HS Wolves : RHP Aaron Moss
|
Batting: RHB Norris Howard
|
0-0: Swinging Strike 0-1: Ball 1-1: Ball 2-1: Foul Ball, location: 2F 2-2: Foul Ball, location: 2F 2-2: SINGLE (Line Drive, 6MD)
|
Batting: RHB Ryan Jackson
|
0-0: Called Strike 0-1: Grounds into double play, 6-4-3 (Groundball, 6)
|
Batting: RHB José Murillo
|
0-0: Called Strike 0-1: Ball 1-1: Fly out, F7 (Flyball, 78M)
|
Top of the 5th over - 0 run(s), 1 hit(s), 0 error(s), 0 left on base; Maize HS 2 - Madawaska Valley HS 4 |
BOTTOM OF THE 5TH |
Madawaska Valley HS Wolves batting - Pitching for Maize HS : RHP Tim Hooper
|
Batting: LHB Nick Moss
|
0-0: Ground out 3-1 (Groundball, 34)
|
Batting: RHB Jim Turner
|
0-0: Ball 1-0: Ball 2-0: Ball 3-0: Called Strike 3-1: Foul Ball, location: 2F 3-2: Foul Ball, location: 2F 3-2: Base on Balls
|
Batting: RHB Tom Rowe
|
0-0: Called Strike 0-1: Ball 1-1: Hit by Pitch Jim Turner to second
|
Batting: LHB John Clark
|
0-0: Swinging Strike 0-1: Fly out, F6 (Popup, 6S)
|
Batting: RHB Hubert MacDonald
|
0-0: Ball 1-0: Foul Ball, location: 2F 1-1: Ball 2-1: Called Strike 2-2: Foul Ball, location: 2F 2-2: Strikes out looking
|
Bottom of the 5th over - 0 run(s), 0 hit(s), 0 error(s), 2 left on base; Maize HS 2 - Madawaska Valley HS 4 |
TOP OF THE 6TH |
Maize HS batting - Pitching for Madawaska Valley HS Wolves : RHP Aaron Moss
|
Pitching: RHP Jesús Fabián
|
|
Batting: LHB Glenn Scoville
|
0-0: Called Strike 0-1: Ball 1-1: Ball 2-1: Reached on Error, E9 (Flyball, 9M)
|
Batting: RHB Miguel Hernández
|
0-0: Foul Ball, location: 2F 0-1: Ball 1-1: Foul Ball, location: 2F 1-2: Ball 2-2: Foul Ball, location: 2F 2-2: Grounds into double play, 4-6-3 (Groundball, 34)
|
Batting: RHB Juan Romero
|
0-0: Called Strike 0-1: Swinging Strike 0-2: Foul Ball, location: 2F 0-2: Ball 1-2: Foul Ball, location: 2F 1-2: Ball 2-2: Ball 3-2: Foul Ball, location: 2F 3-2: Base on Balls
|
Batting: RHB Raúl González
|
Pickoff Throw to First - Out!
|
Top of the 6th over - 0 run(s), 0 hit(s), 1 error(s), 0 left on base; Maize HS 2 - Madawaska Valley HS 4 |
BOTTOM OF THE 6TH |
Madawaska Valley HS Wolves batting - Pitching for Maize HS : RHP Tim Hooper
|
Batting: RHB Aaron Duncan
|
0-0: Fly out, F8 (Flyball, 8LM)
|
Batting: LHB Ronald Wallace
|
0-0: Called Strike 0-1: Called Strike 0-2: Ball 1-2: Ball 2-2: Ball 3-2: Base on Balls
|
Pitching: RHP Charlie Mobley
|
|
Batting: LHB Sam Clay
|
0-0: Fielders Choice at 2nd, 4-6 (Groundball, 34)
|
Batting: RHB Jeff Shephard
|
0-0: Ball 1-0: Swinging Strike 1-1: Foul Ball, location: 2F 1-2: Ball 2-2: Foul Ball, location: 2F 2-2: Ball 3-2: Base on Balls Sam Clay to second
|
Batting: LHB Nick Moss
|
0-0: Ball Wild Pitch! Sam Clay to third Jeff Shephard to second 1-0: Fly out, F8 (Line Drive, 8RM)
|
Bottom of the 6th over - 0 run(s), 0 hit(s), 0 error(s), 2 left on base; Maize HS 2 - Madawaska Valley HS 4 |
TOP OF THE 7TH |
Maize HS batting - Pitching for Madawaska Valley HS Wolves : RHP Jesús Fabián
|
Batting: RHB Raúl González
|
0-0: Called Strike 0-1: Ball 1-1: Foul Ball, location: 2F 1-2: Ball 2-2: Ball 3-2: Strikes out swinging
|
Batting: RHB Lawrence Howard
|
0-0: Foul Ball, location: 2F 0-1: Ball 1-1: Called Strike 1-2: Foul Ball, location: 2F 1-2: Ball 2-2: SINGLE (Line Drive, 7LS)
|
Batting: RHB Álex Hernández
|
0-0: Ball 1-0: Called Strike 1-1: Ball 2-1: Grounds into double play, 6-4-3 (Groundball, 6)
|
Top of the 7th over - 0 run(s), 1 hit(s), 0 error(s), 0 left on base; Maize HS 2 - Madawaska Valley HS 4 |
BOTTOM OF THE 7TH |
Madawaska Valley HS Wolves batting - Pitching for Maize HS : RHP Charlie Mobley
|
Batting: RHB Jim Turner
|
0-0: Foul Ball, location: 2F 0-1: SINGLE (Flyball, 78S)
|
Batting: RHB Tom Rowe
|
0-0: Ball 1-0: Foul Ball, location: 2F 1-1: Ball 2-1: Ball 3-1: Swinging Strike 3-2: Foul Ball, location: 2F 3-2: Foul Ball, location: 2F 3-2: Foul Ball, location: 2F 3-2: Foul Ball, location: 2F 3-2: Foul Ball, location: 2F 3-2: Foul Ball, location: 2F 3-2: Fly out, F7 (Flyball, 7M)
|
Batting: LHB John Clark
|
0-0: Ball Wild Pitch! Jim Turner to second 1-0: Intentional Walk
|
Batting: RHB Hubert MacDonald
|
0-0: Ball 1-0: SINGLE (Flyball, 89S) Jim Turner to third John Clark to second Runner from 3rd tries for Home, throw and OUT!
|
Batting: RHB Aaron Duncan
|
0-0: Called Strike 0-1: Ball 1-1: Called Strike 1-2: Ball 2-2: Ball 3-2: Foul Ball, location: 2F 3-2: Strikes out swinging
|
Bottom of the 7th over - 0 run(s), 2 hit(s), 0 error(s), 2 left on base; Maize HS 2 - Madawaska Valley HS 4 |
TOP OF THE 8TH |
Maize HS batting - Pitching for Madawaska Valley HS Wolves : RHP Jesús Fabián
|
Pitching: RHP Teddy Foster
|
|
Now at SS: José Maldonado
|
|
Batting: RHB Norris Howard
|
0-0: Ball 1-0: Ground out 6-3 (Groundball, 6)
|
Batting: RHB Ryan Jackson
|
0-0: Foul Ball, location: 2F 0-1: Ball 1-1: Foul Ball, location: 2F 1-2: Foul Ball, location: 2F 1-2: Fly out, F8 (Flyball, 8LD)
|
Batting: RHB José Murillo
|
0-0: Ball 1-0: Ball 2-0: Ball 3-0: Called Strike 3-1: Base on Balls
|
Pitching: RHP Arthur Melton
|
|
Batting: LHB Glenn Scoville
|
0-0: Ball 1-0: Fielders Choice at 2nd, 6-4 (Groundball, 6MS)
|
Top of the 8th over - 0 run(s), 0 hit(s), 0 error(s), 0 left on base; Maize HS 2 - Madawaska Valley HS 4 |
BOTTOM OF THE 8TH |
Madawaska Valley HS Wolves batting - Pitching for Maize HS : RHP Charlie Mobley
|
Pitching: RHP Russ Underwood
|
|
Batting: LHB Ronald Wallace
|
0-0: SINGLE (Line Drive, 6MD)
|
Batting: LHB Sam Clay
|
0-0: Sac Bunt - play at second, runner OUT! 5-6
|
Batting: RHB Jeff Shephard
|
0-0: 2-RUN HOME RUN (Flyball, 7D), Distance : 389 ft
|
Batting: LHB Nick Moss
|
0-0: Called Strike 0-1: Ground out 4-3 (Groundball, 4M)
|
Batting: RHB Jim Turner
|
0-0: Called Strike 0-1: Ball 1-1: Ball 2-1: Ball 3-1: Base on Balls
|
Batting: RHB José Maldonado
|
0-0: Foul Ball, location: 2F 0-1: Foul Ball, location: 2F 0-2: Foul Ball, location: 2F 0-2: Ball 1-2: Strikes out swinging
|
Bottom of the 8th over - 2 run(s), 2 hit(s), 0 error(s), 1 left on base; Maize HS 2 - Madawaska Valley HS 6 |
TOP OF THE 9TH |
Maize HS batting - Pitching for Madawaska Valley HS Wolves : RHP Arthur Melton
|
Batting: RHB Miguel Hernández
|
0-0: Ball 1-0: Ball 2-0: Ball 3-0: Called Strike 3-1: Swinging Strike 3-2: Foul Ball, location: 2F 3-2: Foul Ball, location: 2F 3-2: Fly out, F9 (Flyball, 9S)
|
Batting: RHB Juan Romero
|
0-0: Ball 1-0: Ball 2-0: Ball 3-0: Called Strike 3-1: Foul Ball, location: 2F 3-2: Strikes out swinging
|
Batting: RHB Raúl González
|
0-0: Swinging Strike 0-1: Ball 1-1: Swinging Strike 1-2: Strikes out swinging
|
Top of the 9th over - 0 run(s), 0 hit(s), 0 error(s), 0 left on base; Maize HS 2 - Madawaska Valley HS 6 |
|